 Dungeon Crawl Stone Soup version 0.29.1-1-gd02db6906a (webtiles) character file.

Game seed: 1705969522111989313

122 jimonade the Grave Robber (level 4, 0/30 HPs)
             Began as a Demonspawn Necromancer on Sept 18, 2022.
             Slain by Pargi (5 damage)
             ... on level 3 of the Dungeon.
             The game lasted 00:06:41 (2267 turns).

jimonade the Grave Robber (Demonspawn Necromancer)  Turns: 2267, Time: 00:06:41

Health: 0/30       AC:  2    Str:  8    XL:     4   Next: 78%
Magic:  0/8        EV: 12    Int: 20    God:
Gold:   145        SH:  0    Dex: 14    Spells: 6/9 levels left

rFire   . . .      SeeInvis .   a - +0 dagger
rCold   . . .      Faith    .   (no shield)
rNeg    . . .      Spirit   .   c - +0 robe
rPois   .          Reflect  .   (no helmet)
rElec   .          Harm     .   (no cloak)
rCorr   .          Rampage  .   (no gloves)
Will    .....                   (no boots)
Stlth   ++........              (no amulet)
HPRegen 0.10/turn               (no ring)
MPRegen 0.11/turn               (no ring)

@: very slightly contaminated
A: hooves 1, big brain 1
a: no special abilities


You were on level 3 of the Dungeon.
You visited 1 branch of the dungeon, and saw 3 of its levels.

You collected 145 gold pieces.

Inventory:

Hand Weapons
 a - a +0 dagger (weapon)
 f - a +2 whip of freezing
 m - a +0 quarterstaff
Armour
 c - a +0 robe (worn)
Jewellery
 n - an amulet of magic regeneration
Scrolls
 e - 2 scrolls of identify {unknown}
 g - 2 scrolls of blinking {unknown}
 i - a scroll of amnesia {unknown}
 j - 3 scrolls of teleportation {unknown}
 o - a scroll of enchant armour {unknown}
 q - a scroll of immolation {unknown}
Potions
 b - 2 potions of magic
 d - 3 potions of heal wounds {unknown}
 h - a potion of haste {unknown}
 k - a potion of mutation {unknown}
 l - 2 potions of curing {unknown}
 p - 2 potions of cancellation {unknown}


   Skills:
 - Level 1.7 Dodging
 - Level 1.7 Stealth
 + Level 3.3 Spellcasting
 + Level 5.4 Necromancy
 * Level 1.8 Poison Magic


You had 6 spell levels left.
You knew the following spells:

 Your Spells              Type           Power      Damage    Failure   Level
a - Necrotise             Necr           100%       1d9       1%          1
b - Poisonous Vapours     Pois/Air       12%        N/A       14%         2

Your spell library contained the following spells:

 Spells                   Type           Power      Damage    Failure   Level
 Vampiric Draining        Necr           25%        2d7       4%          3
 Sting                    Tmut/Pois      24%        1d4       10%         1
 Apportation              Tloc           6%         N/A       14%         1
 Magic Dart               Conj           12%        1d3       14%         1
 Summon Small Mammal      Summ           12%        N/A       14%         1
 Animate Dead             Necr           25%        N/A       14%         4
 Blink                    Tloc           6%         N/A       22%         2
 Call Imp                 Summ           3%         N/A       22%         2
 Mephitic Cloud           Conj/Pois/Air  5%         N/A       32%         3
 Lesser Beckoning         Tloc           3%         N/A       38%         3
 Agony                    Necr           25%        N/A       38%         5
 Olgreb's Toxic Radiance  Pois           10%        N/A       54%         4
 Manifold Assault         Tloc           3%         N/A       98%         5


Dungeon Overview and Level Annotations

Branches:
Dungeon (3/15)

Altars:

Shops:
D:1 ?

Annotations:
D:2 exclusion: kobold, Sigmund
D:3 Grinder, Pargi


Innate Abilities, Weirdness & Mutations

You have large cloven feet.
You have an unusually large brain. (Int +2)


Message History

Casting: Poisonous Vapours (safe; 14% risk of failure)
Confirm with . or Enter, or press ? or * to list all spells.
You don't have enough magic to cast this spell.
Unknown command.
Unknown command.
Casting: Poisonous Vapours (safe; 14% risk of failure)
Confirm with . or Enter, or press ? or * to list all spells.
You don't have enough magic to cast this spell.
There is an open gate here.
Pargi attacks as you move away! Pargi misses you. Pargi claws you. x2
Casting: Poisonous Vapours (safe; 14% risk of failure)
Confirm with . or Enter, or press ? or * to list all spells.
Aiming: Poisonous Vapours (safe; 14% risk of failure)
Press: ? - help, Dir - move target, f/p - Pargi
Aim: Pargi (moderately wounded, poisoned)
You miscast Poisonous Vapours.
You are very lightly contaminated with residual magic.
Nothing appears to happen.
Pargi hisses menacingly.
Pargi barely misses you. Pargi claws you. x2
Casting: Poisonous Vapours (safe; 14% risk of failure)
Confirm with . or Enter, or press ? or * to list all spells.
You don't have enough magic to cast this spell.
Pargi bites you. Pargi closely misses you. Pargi claws you but does no damage.
Casting: Poisonous Vapours (safe; 14% risk of failure)
Confirm with . or Enter, or press ? or * to list all spells.
You don't have enough magic to cast this spell.
Pargi bites you but does no damage. Pargi claws you.
Pargi claws you but does no damage.
You are too injured to fight recklessly!
Unknown command.
Aiming: Necrotise (safe; 1% risk of failure)
Press: ? - help, Q - select action, (/) - cycle Shift-Dir - straight line, f/p - Pargi
Aim: Pargi (moderately wounded, poisoned, chance to affect: 88%) Pargi writhes in agony.
Pargi bites you.
* * * LOW HITPOINT WARNING * * *
Pargi claws you but does no damage. Pargi barely misses you.
Pargi attacks as you move away! Pargi bites you.
You die...

#.#.##..# ##...#
#.#.##..# .#.#
#.#.###.## #.# ..
#.#...##.###.## ##
#.###.###...# #.# #.#
##..## #.# #.# #...#
#.# #.# #.#.#### #.#
#.# #.#.@T.### #.# #.#
#.#.##...# #.# #.#
#.####'''### #.# #.#
#.##.......# #.# #.#
###..#...#..# #.###.##
##..#.#.#.#..#
#.##...###..#...#...#..
#......##..#.#.#.#.#.#.
###..[##..#...#.#.#...#


You could see Pargi (poisoned).

Vanquished Creatures
  Terence (D:2)
  Natasha (D:3)
  4 gnolls (D:2)
  A dart slug (D:2)
  An orc (D:3)
  3 ball pythons
  4 bats
  An endoplasm (D:1)
  3 giant cockroaches
  4 goblins
  4 hobgoblins
  3 frilled lizards
  3 kobolds
  A rat (D:1)
34 creatures vanquished.

Vanquished Creatures (collateral kills)
  A rat (D:1)
1 creature vanquished.

Grand Total: 35 creatures vanquished

Notes
Turn   | Place    | Note
-------+----------+-------------------------------------------
     0 | D:1      | jimonade the Demonspawn Necromancer began the quest for the
                  | Orb.
     0 | D:1      | Reached XP level 1. HP: 13/13 MP: 3/3
    15 | D:1      | Found Teagin's Magic Scroll Boutique.
   129 | D:1      | Found a faded altar of an unknown god.
   294 | D:1      | Gained mutation: You have an unusually large brain. (Int
                  | +2) [demonic ancestry]
   294 | D:1      | Reached XP level 2. HP: 19/19 MP: 0/5
   799 | D:2      | Reached skill level 5 in Necromancy
   963 | D:2      | Noticed Sigmund
   971 | D:2      | Learned a level 2 spell: Poisonous Vapours
  1205 | D:2      | Noticed Terence
  1213 | D:2      | Killed Terence
  1214 | D:2      | Reached XP level 3. HP: 24/24 MP: 0/6
  1367 | D:2      | Reached skill level 1 in Poison Magic
  1367 | D:2      | Gained mutation: You have large cloven feet. [demonic
                  | ancestry]
  1367 | D:2      | Reached XP level 4. HP: 30/30 MP: 1/8
  1971 | D:3      | Noticed Grinder
  2073 | D:3      | Noticed Natasha
  2079 | D:3      | Killed Natasha
  2233 | D:3      | Noticed Pargi
  2267 | D:3      | Slain by Pargi

Illustrated notes

Levels and vault maps discovered:
D:1:      matt_arrival_diagonals, layout_rooms, basic_ecumenical_altar,
          serial_shops, nicolae_shop_advertising_works
          [nicolae_subvault_shop_adworks], roderic_serpentine_path
D:2:      layout_loops_cross, uniq_terence, uniq_sigmund
D:3:      layout_loops_ring, grunt_ministairs_9, kennysheep_cluttered_room,
          kennysheep_generic_room_5, uniq_pargi, uniq_grinder, uniq_natasha,
          uniq_crazy_yiuf_cottage

Skill      XL: |  1  2  3  4 |
---------------+-------------+-----
Necromancy     | 5 |  5.4
Poison Magic   | 1 |  1.8
Spellcasting   | 3 |  3.3
Dodging        | |  1.7
Stealth        | |  1.7

Action                   |  1- 3 |  4- 6 || total
-------------------------+-------+-------++-------
Melee: Dagger            |       |    15 ||    15
       Kick              |       |     4 ||     4
 Cast: Necrotise         |    40 |    19 ||    59
       Poisonous Vapours |       |     4 ||     4
Armor: Robe              |     6 |     4 ||    10
Dodge: Dodged            |     3 |    13 ||    16
